 Dungeon Crawl Stone Soup version 0.31.0-32-g396128a36d (webtiles) character file.

Game seed: 4891038026064496366

620 PaiMei the Grave Robber (level 7, -18/52 HPs)
             Began as a Demonspawn Necromancer on Mar 25, 2024.
             Demolished by Menkaure (19 damage)
             ... on level 4 of the Dungeon.
             The game lasted 00:06:48 (4073 turns).

PaiMei the Grave Robber (Demonspawn Necromancer)    Turns: 4073, Time: 00:06:48

Health: -18/52     AC: 10    Str:  9    XL:     7   Next: 22%
Magic:  13/13      EV:  9    Int: 17    God:
Gold:   159        SH:  0    Dex: 13    Spells: 10/14 levels left

rFire   + + .        y - +2 falchion of the Vaults {freeze, rF+}
rCold   . . .        (no shield)
rNeg    . . .        p - +1 scale mail {rF+}
rPois   .            h - +2 hat
rElec   .            (no cloak)
rCorr   .            s - +0 pair of gloves
SInv    .            (no boots)
Will    .....        (no amulet)
Stlth   +            (no ring)
HPRegen 0.28/turn    (no ring)
MPRegen 0.13/turn

%: no passive effects
@: no status effects
A: hooves 1, demonic guardian 1, powered by death 1
a: no special abilities


You were on level 4 of the Dungeon.
You visited 1 branch of the dungeon, and saw 4 of its levels.

You collected 159 gold pieces.

Inventory:

Hand Weapons
 a - a +2 scythe of protection
 x - a +2 dagger of draining
 y - the +2 falchion of the Vaults (weapon) {freeze, rF+}
   (You found it on level 4 of the Dungeon)

   rF+:       It protects you from fire.
Missiles
 d - 2 atropa-tipped darts (quivered)
 i - 2 throwing nets
Armour
 h - a +2 hat (worn)
 p - a +1 scale mail of fire resistance (worn)
 s - a +0 pair of gloves (worn)
Wands
 t - a wand of roots (9)
Scrolls
 e - a scroll of blinking {unknown}
 g - a scroll of immolation {unknown}
 k - 4 scrolls of identify {unknown}
 l - 2 scrolls of silence {unknown}
 m - a scroll of vulnerability {unknown}
 o - a scroll of revelation {unknown}
 r - a scroll of brand weapon {unknown}
 u - a scroll of amnesia {unknown}
 v - a scroll of torment {unknown}
Potions
 b - a potion of magic
 c - a potion of haste {unknown}
 f - 2 potions of curing {unknown}
 j - a potion of mutation {unknown}
 n - a potion of might {unknown}
 q - a potion of heal wounds {unknown}
 w - a potion of lignification {unknown}
 z - a potion of invisibility {unknown}


   Skills:
 + Level 3.4 Fighting
 + Level 3.8 Dodging
 - Level 2.0 Stealth
 + Level 4.0 Spellcasting
 + Level 6.1 Necromancy


You had 10 spell levels left.
You knew the following spells:

 Your Spells              Type           Power      Damage    Failure   Level
a - Necrotise             Necr           96%        1d8       11%         1
b - Vampiric Draining     Necr           24%        2d7       32%         3

Your spell library contained the following spells:

 Spells                   Type           Power      Damage    Failure   Level
 Animate Dead             Necr           24%        N/A       71%         4
 Shock                    Conj/Air       12%        1d3       80%         1
 Curse of Agony           Necr           24%        N/A       96%         5
 Martyr's Knell           Necr/Summ      13%        N/A       98%         4
 Swiftness                Air            3%         N/A       99%         3
 Tukima's Dance           Hex            3%         N/A       99%         3
 Volatile Blastmotes      Fire/Tloc      6%         2d10      99%         3
 Airstrike                Air            1%         2d(1-17)  100%        4
 Dimensional Bullseye     Hex/Tloc       1%         N/A       100%        4
 Fulminant Prism          Conj/Alch      1%         3d5       100%        4
 Iskenderun's Mystic Bla  Conj/Tloc      3%         2d3       100%        4


Dungeon Overview and Level Annotations

Branches:
Dungeon (4/15)
 Temple: D:4-7

Altars:
Fedhas

Shops:
D:2 [

Annotations:
D:4 Menkaure


Innate Abilities, Weirdness & Mutations

You have large cloven feet.
A weak demonic guardian rushes to your aid.
You regenerate a little health from kills.


Message History

You barely miss the orc.
The orc is lightly wounded.
Your orc skeleton barely misses the orc.
The orc hits you but does no damage.
Casting: Vampiric Draining (dangerous; 32% risk of failure)
Confirm with . or Enter, or press ? or * to list all spells.
Aiming: Vampiric Draining (dangerous; 32% risk of failure)
Press: ? - help, Shift-Dir - straight line, f - orc
Aim: an orc, wielding a +0 whip (lightly wounded, ally target)
You draw life force from the orc.
You kill the orc!
You feel life coursing into your body.
You swap places.
Items here: )))) [[ ††.
Casting: Vampiric Draining (dangerous; 32% risk of failure)
Confirm with . or Enter, or press ? or * to list all spells.
You can't see any susceptible monsters within range! (Use Z to cast anyway.)
Casting: Vampiric Draining (dangerous; 32% risk of failure)
Confirm with . or Enter, or press ? or * to list all spells.
You can't see any susceptible monsters within range! (Use Z to cast anyway.)
Your orc skeleton crumbles into dust!
Items here: )))) [[ ††.
You see here a +0 giant spiked club.
You see here a +0 flail.
Menkaure shouts!
Menkaure casts a spell.
Menkaure seems to speed up.
Menkaure hits you!
A demonic guardian appears!
You barely miss Menkaure. Menkaure hits you!! Menkaure closely misses you.
You slash Menkaure! You freeze Menkaure. Your kick misses Menkaure.
Menkaure is heavily damaged.
Menkaure completely misses you.
Your shadow imp closely misses Menkaure.
You hit Menkaure. You freeze Menkaure. You kick Menkaure, but do no damage.
Your punch misses Menkaure.
Menkaure is almost destroyed.
Menkaure hits you!
* * * LOW HITPOINT WARNING * * *
Your shadow imp barely misses Menkaure.
Menkaure hits you!!
You die...

#.>..## #....# ##[.#
#.....#######....# ##)#
#................##############..
#.##...#..###.........M..........
######.##..........############..
#### #...........#......### ##[.
...# ######.......#####...####.M.
##.#########...##...#####......<.
##.)..).........@M#..).)..#####..
##########.....5......#.## ###
#...[......###.#######
#..........# #.......##
#......<...# #######..# #
#...........# ##.# #
###########.# #.. # ... ### #
#....


You could see Menkaure (fast, ally target) and a friendly shadow imp (summoned).

Vanquished Creatures
  Sigmund (D:4)
  An ogre (D:4)
  A phantom (D:4)
  A bombardier beetle (D:3)
  An orc priest (D:4)
  Terence (D:2)
  Natasha (twice) (D:2)
  6 adders
  3 dart slugs
  A ribbon worm (D:2)
  7 orcs (D:4)
  9 endoplasms
  2 giant cockroaches
  5 goblins
  6 hobgoblins
  A quokka (D:3)
  11 ball pythons
  7 bats
  6 kobolds
  A rat (D:2)
73 creatures vanquished.

Vanquished Creatures (collateral kills)
  Natasha (D:2)
  An endoplasm (D:1)
  A goblin (D:4)
  A ball python (D:2)
  A rat (D:2)
5 creatures vanquished.

Grand Total: 78 creatures vanquished

Notes
Turn   | Place    | Note
-------+----------+-------------------------------------------
     0 | D:1      | PaiMei the Demonspawn Necromancer began the quest for the
                  | Orb.
     0 | D:1      | Reached XP level 1. HP: 13/13 MP: 3/3
   306 | D:1      | Gained mutation: A weak demonic guardian rushes to your
                  | aid. [demonic ancestry]
   306 | D:1      | Reached XP level 2. HP: 19/19 MP: 0/5
  1075 | D:1      | Reached XP level 3. HP: 25/25 MP: 4/6
  1079 | D:1      | Learned a level 3 spell: Vampiric Draining
  1197 | D:2      | Found a faded altar of an unknown god.
  1298 | D:2      | Noticed Natasha
  1308 | D:2      | Killed Natasha
  1309 | D:2      | Reached skill level 1 in Fighting
  1488 | D:2      | Noticed Natasha
  1500 | D:2      | Killed Natasha
  1501 | D:2      | Reached XP level 4. HP: 21/32 MP: 1/8
  1501 | D:2      | Noticed Natasha
  1511 | D:2      | Killed Natasha
  1512 | D:2      | Reached skill level 5 in Necromancy
  1694 | D:2      | Noticed Terence
  1700 | D:2      | Killed Terence
  1701 | D:2      | Gained mutation: You regenerate a little health from kills.
                  | [demonic ancestry]
  1701 | D:2      | Reached XP level 5. HP: 38/38 MP: 1/9
  1907 | D:2      | Found Himpypn's Antique Armour Shop.
  2953 | D:4      | Noticed Sigmund
  3051 | D:4      | Killed Sigmund
  3052 | D:4      | Reached XP level 6. HP: 26/46 MP: 0/11
  3249 | D:4      | Noticed Menkaure
  3626 | D:4      | Reached skill level 6 in Necromancy
  3626 | D:4      | Gained mutation: You have large cloven feet. [demonic
                  | ancestry]
  3626 | D:4      | Reached XP level 7. HP: 46/52 MP: 12/12
  3944 | D:4      | Found a blossoming altar of Fedhas.
  3947 | D:4      | Identified the +2 falchion of the Vaults {freeze, rF+}
  4073 | D:4      | HP: 1/52 [Menkaure (16)]
  4073 | D:4      | Demolished by Menkaure

Illustrated notes

Levels and vault maps discovered:
D:1:      matt_arrival_diagonals, layout_loops_ring
D:2:      layout_rooms, serial_shops, nicolae_shop_tiny_glass,
          nicolae_ecumenical_pavilion, uniq_natasha, uniq_terence
D:3:      layout_rooms, serial_aquarium, aquarium_bridge_square
          [aquarium_subvault_wall, aquarium_subvault_bridge,
          aquarium_subvault_window, aquarium_subvault_bridge],
          aquarium_window_corridor_1, aquarium_window_2, aquarium_view_2f,
          aquarium_view_2e, aquarium_balcony_3a, aquarium_pool_S, minivault_25
D:4:      layout_rooms, mainiacjoe_overflow_swirl, uniq_menkaure, uniq_sigmund

Skill      XL: |  1  2  3  4  5  6  7 |
---------------+----------------------+-----
Stealth        | 2 |  2.0
Dodging        | 2 3 |  3.8
Fighting       | 1 2 3 |  3.4
Necromancy     | 5 6 |  6.1
Spellcasting   | 3 4 |  4.0

Action                     |  1- 3 |  4- 6 |  7- 9 || total
---------------------------+-------+-------+-------++-------
  Melee: Dagger            |     6 |    15 |       ||    21
         Halberd           |       |    14 |    10 ||    24
         Falchion          |       |       |     5 ||     5
         Kick              |       |       |     3 ||     3
   Cast: Necrotise         |    67 |    66 |    10 ||   143
         Vampiric Draining |       |     5 |     3 ||     8
 Armour: Robe              |    20 |     6 |       ||    26
         Scale mail        |       |    33 |    16 ||    49
  Dodge: Dodged            |    27 |    18 |     9 ||    54
